 Dungeon Crawl Stone Soup version 0.28.0-47-ge53b351184 (webtiles) character file.

Game seed: 14326364764100874448

392 pkoi the Insei (level 6, 0/75 HPs)
             Began as a Demigod Gladiator on May 3, 2022.
             Succumbed to Dowan's poison
             ... on level 4 of the Dungeon.
             The game lasted 00:06:43 (5485 turns).

pkoi the Insei (Demigod Gladiator)                  Turns: 5485, Time: 00:06:44

Health: 0/75       AC: 28    Str: 15    XL:     6   Next: 25%
Magic:  10/10      EV:  2    Int: 18    God:
Gold:   110        SH:  0    Dex: 15    Spells: 4/7 levels left

rFire   + + +      SeeInvis .   d - +3 Elemental Staff {rElec rF++ rC++ AC+5}
rCold   + + +      Faith    .   (no shield)
rNeg    . . .      Spirit   .   (armour currently unavailable)
rPois   +          Reflect  .   (helmet currently unavailable)
rElec   +          Harm     .   (cloak currently unavailable)
rCorr   +          Rampage  .   (gloves currently unavailable)
Will    .....      NoTele   +   (boots currently unavailable)
Stlth   +.........              (no amulet)
HPRegen 0.22/turn               (no ring)
MPRegen 0.12/turn               (no ring)

@: lethally poisoned (0 -> -3), tree-form, resistant, on berserk cooldown,
slowed, very slow
A: stationary, stasis, torment immunity, boosted hp, high MP 1, forlorn, divine
attributes
a: no special abilities


You were on level 4 of the Dungeon.
You were a tree.
You visited 1 branch of the dungeon, and saw 5 of its levels.

You collected 110 gold pieces.

Inventory:

Hand Weapons
 d - the +3 Elemental Staff (weapon) {rElec rF++ rC++ AC+5}
   (You took it off a goblin on level 4 of the Dungeon)

   If the wielder is skilled in Evocations, they can discharge powerful blasts
   of elemental energy when striking with it.
   It enhances your fire, ice, earth and air magic.
   AC:        It affects your AC (+5).
   rF:        It greatly protects you from fire.
   rC:        It greatly protects you from cold.
   rElec:     It insulates you from electricity.
 f - a +0 dagger
 g - a +3 dagger of holy wrath
 h - a +0 dagger
 m - a +2 mace of protection
Missiles
 c - 3 throwing nets (quivered)
Armour
 a - a +0 leather armour (melded)
 b - a +0 helmet (melded)
 e - a +0 pair of boots (melded)
Potions
 i - a potion of brilliance
 j - a potion of lignification


   Skills:
 + Level 2.7 Fighting
 - Level 1.7 Throwing
 - Level 2.0 Armour
 - Level 2.6 Dodging
 * Level 5.3 Unarmed Combat
 - Level 1.4 Spellcasting
 - Level 1.3 Conjurations


You had 4 spell levels left.
You knew the following spells:

 Your Spells              Type           Power      Damage    Failure   Level
a - Magic Dart            Conj           20%        1d4       12%         1
b - Searing Ray           Conj           10%        2d4       17%         2

Your spell library contained the following spells:

 Spells                   Type           Power      Damage    Failure   Level
 Tukima's Dance           Hex            1%         N/A       50%         3
 Fulminant Prism          Conj/Hex       1%         3d6       82%         4
 Passage of Golubria      Tloc           1%         N/A       88%         4
 Yara's Violent Unravell  Hex/Tmut       0%         3d3       99%         5


Dungeon Overview and Level Annotations

Branches:
Dungeon (5/15)
 Temple: D:4-7

Annotations:
D:4 Duvessa


Innate Abilities, Weirdness & Mutations

You are a tree.
Your roots penetrate the ground, keeping you stationary.
You cannot be teleported.
You are immune to unholy pain and torment.
Your maximum health is greatly increased.
Your equipment is partially melded.
You have an increased reservoir of magic. (+10% MP)
You shall have no god before yourself.
Your divine heritage dramatically boosts your attributes as you level up.


Message History

Dowan hits you with a +2 dagger of venom.
* * * LOW HITPOINT WARNING * * *
You punch Dowan!
You kill Dowan!
You hear a distant scream of rage.
* * * LOW HITPOINT WARNING * * *
You feel sick.
* * * LOW HITPOINT WARNING * * *
You feel sick.
You feel a strong urge to attack something.
* * * LOW HITPOINT WARNING * * *
You feel sick.
* * * LOW HITPOINT WARNING * * *
You feel sick.
You feel your anger nearly subside.
You are no longer berserk.
You are exhausted.
You feel yourself slow down.
* * * LOW HITPOINT WARNING * * *
You feel sick.
Really quaff the potion of lignification?
You turn into a tree.
Your +0 helmet melds into your body.
Your +0 pair of boots melds into your body.
Your +0 leather armour melds into your body.
Your roots penetrate the ground.
* * * LOW HITPOINT WARNING * * *
You feel sick.
You aren't carrying any scrolls.
Okay, then.
Really quaff the potion of lignification?
You are stuck in your current form!
Okay, then.
Okay, then.
Cast which spell? (? or * to list)
Okay, then.
You don't have any such object.
Inscribe which item? (? for menu, Esc to quit)
Okay, then.
Unknown command.
d - the +3 Elemental Staff (weapon)
{rElec rF++ rC++ AC+5} You die...

. #.........#.......#..#
#..........###....#..#
...#....##.###...#.'..+
##..###..##.....#..#
#..###.........#..# .
##..###........#..#
..####..## ##.#.....'##+
.......)#######.#...#...
.......♣........###.#...
........##.#... #.###'
.......## #.. #.....
....... ##.... ..####.
.....# .. #. ...## ..
.## .. .#


There were no monsters in sight!

Vanquished Creatures
  A phantom (D:5)
  A scorpion (D:4)
  Dowan (D:4)
  A hound (D:5)
  An iguana (D:4)
  2 orc wizards (D:5)
  A hound skeleton (D:4)
  2 adders (D:3)
  A shadow imp (D:5)
  2 worms (D:2)
  4 dart slugs
  An orc (D:4)
  4 bats
  6 endoplasms
  5 giant cockroaches
  9 goblins
  2 hobgoblins
  5 ball pythons
  3 frilled lizards
  3 kobolds
  5 rats
60 creatures vanquished.

Notes
Turn   | Place    | Note
-------+----------+-------------------------------------------
     0 | D:1      | pkoi the Demigod Gladiator began the quest for the Orb.
     0 | D:1      | Reached XP level 1. HP: 17/17 MP: 3/3
   229 | D:1      | Reached skill level 3 in Unarmed Combat
   287 | D:1      | Reached XP level 2. HP: 24/24 MP: 4/4
   450 | D:1      | Reached skill level 1 in Armour
  1191 | D:2      | Reached XP level 3. HP: 21/29 MP: 5/5
  1477 | D:2      | Learned a level 1 spell: Magic Dart
  3665 | D:3      | You fall into a shaft and drop 2 floors!
  3665 | D:5      | Entered Level 5 of the Dungeon
  3744 | D:4      | Noticed Duvessa
  3744 | D:4      | Noticed Dowan
  3744 | D:4      | Noticed a scorpion
  3824 | D:5      | Reached skill level 4 in Unarmed Combat
  3824 | D:5      | Reached XP level 4. HP: 13/36 MP: 7/7
  3966 | D:5      | Noticed a phantom
  3984 | D:5      | Killed a phantom
  3985 | D:5      | Reached skill level 1 in Spellcasting
  3985 | D:5      | Reached skill level 1 in Conjurations
  3985 | D:5      | Reached XP level 5. HP: 23/41 MP: 7/9
  4969 | D:4      | Reached skill level 5 in Unarmed Combat
  4969 | D:4      | Reached XP level 6. HP: 14/50 MP: 10/10
  5454 | D:4      | Learned a level 2 spell: Searing Ray
  5479 | D:4      | Killed Dowan
  5483 | D:4      | HP: 1/50 [poisoned by Dowan]
  5485 | D:4      | Succumbed to Dowan's poison

Illustrated notes

Levels and vault maps discovered:
D:1:      giann_bridges, layout_loops_ring, amcnicky_mini_pool_small
D:2:      layout_loops_ring, dreamdust_ecumenical_altar_hidden_monk_grotto
D:3:      layout_loops_cross, nicolae_overflow_ecumenical_swirl
D:4:      layout_cave_pools, mainiacjoe_overflow_24_doors, minmay_crystal_water,
          uniq_duvessa, uniq_natasha
D:5:      cheibrodos_quashed, layout_cave_pools, serial_bayou_pond_c,
          minivault_5

Skill      XL: |  1  2  3  4  5 |
---------------+----------------+-----
Unarmed Combat | 3 4 5 |  5.3
Armour         | 1 2 |  2.0
Spellcasting   | 1 |  1.4
Conjurations   | 1 |  1.3
Fighting       | 2 |  2.7
Throwing       | |  1.7
Dodging        | |  2.6

Action                   |  1- 3 |  4- 6 || total
-------------------------+-------+-------++-------
Melee: Dagger            |   195 |    25 ||   220
       Unarmed           |     7 |    55 ||    62
       Punch             |     7 |     1 ||     8
       Mace              |       |    16 ||    16
  Use: Scroll            |     5 |     1 ||     6
       Potion            |       |     4 ||     4
 Stab: Sleeping          |     1 |       ||     1
       Invisible         |       |     2 ||     2
Armor: Leather armour    |    51 |    22 ||    73
Dodge: Dodged            |    99 |    53 ||   152
